 Dungeon Crawl Stone Soup version 0.17-a0-1399-gd5b76e1 (webtiles) character file.

121 urechis the Poker (level 5, -6/37 HPs)
             Began as a Merfolk Wanderer on June 19, 2015.
             Mangled by Crazy Yiuf
             ... wielding a +4 quarterstaff of chaos
              (11 damage)
             ... on level 3 of the Dungeon.
             The game lasted 00:05:20 (2388 turns).

urechis the Poker (Merfolk Wanderer)                Turns: 2388, Time: 00:05:20

Health: -6/37      AC:  2    Str: 12    XL:     5   Next: 5%
Magic:  5/5        EV: 14    Int: 14    God:
Gold:   104        SH:  0    Dex: 17    Spells: 0 memorised, 4 levels left

rFire  . . .     SeeInvis .     b - +0 spear
rCold  . . .     Clarity  .     d - +0 robe
rNeg   . . .     SustAt   .     (no shield)
rPois  .         Gourm    .     (no helmet)
rElec  .         Spirit   .     (no cloak)
rCorr  .         Warding  .     (no gloves)
rMut   +         Stasis   .     (no boots)
MR     .....                    j - amulet of resist mutation
Stlth  ++++......               g - +5 ring of intelligence
                                e - ring of stealth

@: hasted, very quick, not resistant to hostile enchantments, stealthy
A: change form in water, swift swim
a: no special abilities


You were on level 3 of the Dungeon.
You were near starving.

You visited 1 branch of the dungeon, and saw 3 of its levels.

You collected 104 gold pieces.

Inventory:

Hand weapons
 b - a +0 spear (weapon)
Armour
 d - a +0 robe (worn)
Jewellery
 e - a ring of stealth (left hand)
 g - a +5 ring of intelligence (right hand)
 j - an amulet of resist mutation (around neck)
 m - an uncursed ring of magical power
Scrolls
 c - 3 scrolls of identify {unknown}
 i - 3 scrolls of teleportation {unknown}
 o - a scroll of enchant armour {unknown}
Comestibles
 f - 2 bread rations
 k - a meat ration
 l - 4 fruits


   Skills:
 - Level 1.1 Fighting
 + Level 6.8(6.9) Polearms
   Level 1.0(2.5) Staves
 - Level 4.0 Dodging
 - Level 3.2 Stealth
   Level 1.0 Evocations


You had 4 spell levels left.
You didn't know any spells.

Dungeon Overview and Level Annotations

Branches:
Dungeon (3/15)

Altars:
Nemelex Xobeh
Qazlal

Annotations:
D:3 Crazy Yiuf


Message History

Crazy Yiuf hits you with a quarterstaff of chaos!
Crazy Yiuf burns you.
You hit Crazy Yiuf.
Crazy Yiuf is heavily wounded.
You closely miss Crazy Yiuf.
Crazy Yiuf is heavily wounded.
Crazy Yiuf hits you with a quarterstaff of chaos.
You hit Crazy Yiuf.
Crazy Yiuf is heavily wounded.
Crazy Yiuf hits you with a quarterstaff of chaos!
* * * LOW HITPOINT WARNING * * *
Crazy Yiuf freezes you.
* * * LOW HITPOINT WARNING * * *
You are too injured to fight recklessly!
You hit Crazy Yiuf.
Crazy Yiuf is heavily wounded.
Drink which item? (? for menu, Esc to quit)
It was a potion of haste.
You feel yourself speed up.
Crazy Yiuf hits you with a quarterstaff of chaos!
You die...

..#.#.#
#.........#######
..#.#.#
#...#............
#.#.#.#
#....).##########
#.#.#.# ######.# #
#.#<#.# #.# #
....#.# #.# #
......##♣♣ ##### ###
# #.#>.....♣ ♣♣#..)#
#.##...).♣♣♣♣♣..@g.#
#.###......♣..♣#...#
#.# ##..).♣.♣♣♣#####
#.# ###♣♣♣♣♣ ..# ###


You could see Crazy Yiuf.

Vanquished Creatures
  5 adders
  3 gnolls (D:2)
  An orc (D:3)
  3 bats
  4 giant cockroaches
  3 goblins
  8 hobgoblins
  2 jackals (D:1)
  8 kobolds
  A quokka (D:2)
  3 giant newts
  6 rats
47 creatures vanquished.

Notes
Turn   | Place    | Note
--------------------------------------------------------------
     0 | D:1      | urechis the Merfolk Wanderer began the quest for the Orb.
     0 | D:1      | urechis set off with: a +2 quarterstaff, a +0 spear, a wand of random effects (15), a +0 robe, a +0 dagger, a bread ration
     0 | D:1      | Reached XP level 1. HP: 15/15 MP: 1/1
   161 | D:1      | Reached XP level 2. HP: 14/21 MP: 2/2
   326 | D:1      | Reached XP level 3. HP: 14/26 MP: 3/3
   642 | D:2      | Found a stormy altar of Qazlal.
   646 | D:2      | Noticed a water elemental
   688 | D:2      | Found a sparkling altar of Nemelex Xobeh.
   747 | D:2      | Reached skill level 5 in Polearms
  1040 | D:2      | Noticed an air elemental
  1041 | D:2      | Noticed an earth elemental
  1041 | D:2      | Noticed a fire elemental
  1181 | D:2      | Reached XP level 4. HP: 32/32 MP: 4/4
  1330 | D:2      | Reached skill level 6 in Polearms
  1330 | D:2      | HP: 1/32 [gnoll/flail (6)]
  1945 | D:3      | Reached XP level 5. HP: 26/37 MP: 5/5
  2376 | D:3      | Noticed Crazy Yiuf
  2388 | D:3      | Mangled by Crazy Yiuf

Vault maps used:
D:1:      dpeg_arrival_chambers_temple_mockup
D:2:      lemuel_crystal_altar, nicolae_qazlal_style_of_elements
D:3:      uniq_crazy_yiuf_cottage

Action                   |  1- 3 |  4- 6 || total
-------------------------+-------+-------++-------
Melee: Quarterstaff      |    74 |    34 ||   108
       Spear             |       |    33 ||    33
  Use: Potion            |     1 |     2 ||     3
 Stab: Sleeping          |    10 |     5 ||    15
  Eat: Chunk             |       |     3 ||     3
